 Dungeon Crawl Stone Soup version 0.30-a0-311-gf115ab0292 (webtiles) character file.

Game seed: 5821644422334087154

19518 koil the Nimble (level 12, -3/57 HPs)
             Began as a Spriggan Hunter on Oct 26, 2022.
             Was a High Priest of Kikubaaqudgha.
             Killed from afar by an orc sorcerer (22 damage)
             ... with a bolt of fire
             ... led by an orc high priest
             ... on level 2 of the Orcish Mines.
             The game lasted 01:40:07 (14962 turns).

koil the Nimble (Spriggan Hunter)                  Turns: 14962, Time: 01:40:07

Health: -3/57      AC:  6    Str:  6    XL:     12   Next: 37%
Magic:  24/24      EV: 27    Int: 16    God:    Kikubaaqudgha [*****.]
Gold:   1404       SH:  0    Dex: 21    Spells: 3/32 levels left

rFire   . . .      SeeInvis +    a - +2 shortbow (drain)
rCold   . . .      Faith    .    (shield currently unavailable)
rNeg    + . .      Spirit   .    k - +2 robe {Will+}
rPois   +          Reflect  .    t - +2 hat
rElec   .          Harm     .    (no cloak)
rCorr   .          Rampage  .    (gloves unavailable)
Will    +++..                    (boots unavailable)
Stlth   ++++......               m - amulet of regeneration
HPRegen 1.09/turn                g - ring of poison resistance
MPRegen 0.19/turn                x - ring of positive energy

@: very quick
A: very small, no large weapons, unfitting armour, see invisible, speed 3,
hooves 1, clever 1, frail 1, low MP 1
a: Renounce Religion, Unearth Wretches, Torment


You were on level 2 of the Orcish Mines.
You worshipped Kikubaaqudgha.
Kikubaaqudgha was extremely pleased with you.
You visited 3 branches of the dungeon, and saw 16 of its levels.
You also visited: Ossuary.

You collected 1578 gold pieces.
You spent 174 gold pieces at shops.

Inventory:

Hand Weapons
 a - a +2 shortbow of draining (weapon)
 b - a +0 arbalest
 c - a +0 mace of protection
 e - a +0 dagger of venom
 l - a +0 whip of freezing
 u - a +2 shortbow of electrocution
 w - a +0 short sword of speed
 R - a +2 dagger of venom
Missiles
 h - 25 poisoned darts
 D - 2 throwing nets
 I - 2 curare-tipped darts
Armour
 k - a +2 robe of willpower (worn)
 t - a +2 hat (worn)
 T - +0 acid dragon scales
Jewellery
 g - a ring of poison resistance (left hand)
 m - an amulet of regeneration (around neck)
 x - a ring of positive energy (right hand)
 P - a ring of fire
 U - a ring of magical power
Wands
 n - a wand of roots (15)
 q - a wand of quicksilver (22)
 G - a wand of charming (20)
 W - a wand of digging (2)
 Y - a wand of mindburst (16)
Scrolls
 f - 3 scrolls of silence
 j - 7 scrolls of identify
 o - a scroll of blinking
 p - 2 scrolls of immolation
 s - 3 scrolls of poison
 y - 3 scrolls of amnesia
 E - a scroll of magic mapping
 J - 4 scrolls of butterflies
 L - 2 scrolls of vulnerability
 Q - 2 scrolls of fear
Potions
 i - 2 potions of berserk rage
 r - a potion of haste
 v - 3 potions of might
 A - 3 potions of brilliance
 C - a potion of invisibility
 M - 4 potions of flight
 N - 3 potions of magic


   Skills:
 + Level 7.7 Fighting
 + Level 9.7 Ranged Weapons
 + Level 11.7 Dodging
 - Level 7.0 Stealth
 + Level 10.5 Spellcasting
 - Level 7.0 Hexes
 + Level 7.2 Necromancy
 + Level 1.4 Fire Magic


You had 3 spell levels left.
You knew the following spells:

 Your Spells              Type           Power      Damage    Failure   Level
a - Slow                  Hex            100%       N/A       1%          1
b - Confusing Touch       Hex            30%        N/A       1%          3
c - Vampiric Draining     Necr           31%        2d8       1%          3
d - Cigotuvi's Dreadful   Necr/Pois/Air  32%        N/A       4%          2
e - Animate Dead          Necr           31%        N/A       4%          4
f - Death Channel         Necr           15%        N/A       56%         6
g - Borgnjor's Vile Clut  Necr/Erth      10%        N/A       47%         5
h - Fireball              Conj/Fire      5%         3d5       87%         5

Your spell library contained the following spells:

 Spells                   Type           Power      Damage    Failure   Level
 Kiss of Death            Conj/Necr      80%        2d11      1%          1
 Necrotise                Necr           100%       1d9       1%          1
 Sublimation of Blood     Necr           31%        N/A       1%          2
 Tukima's Dance           Hex            30%        N/A       1%          3
 Foxfire                  Conj/Fire      40%        2x1d6     6%          1
 Portal Projectile        Hex/Tloc       38%        N/A       6%          3
 Summon Guardian Golem    Hex/Summ       19%        N/A       6%          3
 Beastly Appendage        Tmut           16%        N/A       9%          1
 Wereblood                Tmut           8%         N/A       13%         2
 Spider Form              Tmut/Pois      8%         N/A       26%         3
 Dispel Undead            Necr           31%        3d14      4%          4
 Agony                    Necr           31%        N/A       12%         5
 Blade Hands              Tmut           4%         N/A       94%         5
 Simulacrum               Ice/Necr       10%        N/A       96%         6
 Conjure Ball Lightning   Conj/Air       4%         3x3d6     100%        6
 Starburst                Conj/Fire      5%         6d4       100%        6
 Orb of Destruction       Conj           4%         9d5       100%        7
 Spellforged Servitor     Conj/Summ      4%         N/A       100%        7
 Discord                  Hex            15%        N/A       100%        8
 Disjunction              Tloc           4%         N/A       100%        8


Dungeon Overview and Level Annotations

Branches:
Dungeon (13/15)            Temple (1/1) D:4            Lair (0/5) D:10
    Orc (2/2) D:11            Elf (0/3) Orc:2       Ossuary (visited)
 Vaults: D:13-14

Altars:
Ashenzari
Cheibriados
Dithmenos
Elyvilon
Fedhas
Gozag
Hepliaklqana
Kikubaaqudgha
Makhleb
Nemelex Xobeh
Okawaru
Qazlal
Ru
Sif Muna
Trog
Uskayaw
Vehumet
Wu Jian
Xom
Yredelemnul
Zin
The Shining One

Shops:
Orc:1 (   Orc:2 *=*(

Annotations:
Orc:2 Saint Roka


Innate Abilities, Weirdness & Mutations

You are very small and have problems with some larger weapons.
You are too small for most types of armour.
You have supernaturally acute eyesight. (SInv)
You cover ground extremely quickly. (Speed+++)
You have large cloven feet.
Your mind is acute. (Int +4, Str/Dex -1)
You are frail. (-10% HP)
Your magical capacity is low. (-10% MP)


Message History

Press: ? - help, Q - select action, (/) - cycle Shift-Dir - straight line, f - orc sorcerer
Aim: an orc sorcerer, wielding a +1 dagger of venom and wearing a +1 robe of willpower (strong, ally target, 65% to hit)
Okay, then.
Unknown command.
The orc shoots a bolt.
The bolt completely misses you.
The centaur shoots an arrow.
The arrow hits you but does no damage.
The centaur shoots an arrow.
The arrow completely misses you.
You see here 26 gold pieces.
What are your orders? t - Shout!
Orders for allies: a - Attack new target. r - Retreat! s - Stop attacking. g - Guard the area. f - Follow me.
Anything else - Cancel.
Gang up on whom?
Press: ? - help, Dir - move target, f - orc sorcerer
Aim: an orc sorcerer, wielding a +1 dagger of venom and wearing a +1 robe of willpower (strong, ally target) Attack!
The orc sorcerer hits your orc zombie with a +1 dagger of venom!
Your orc zombie is destroyed!
The centaur shoots an arrow.
The arrow barely misses you.
Your orc warrior zombie hits the orc sorcerer.
Fire: a) +2 shortbow (drain)
Press: ? - help, Q - select action, (/) - cycle Shift-Dir - straight line, f - centaur, p - orc sorcerer
Aim: a centaur, wielding a +0 shortbow (79% to hit)
You shoot an arrow. The arrow barely misses the centaur.
The centaur shoots an arrow.
The arrow completely misses you.
An orc comes into view. It is wielding a +0 whip.
Saint Roka invokes the aid of Beogh against you.
Beogh smites you!
The centaur shoots an arrow.
The arrow hits you!
* * * LOW HITPOINT WARNING * * *
Your orc warrior zombie completely misses the orc sorcerer.
You hear a shout!
You feel better.
The orc shoots a bolt.
The bolt misses you.
The centaur shoots an arrow.
The arrow completely misses you.
The centaur shoots an arrow.
The arrow closely misses you.
The orc sorcerer gestures at you while chanting.
The bolt of fire hits you!!
You die...
Kikubaaqudgha rasps: "You have failed me!
Welcome... death!"

.#....)......##.)........≈≈#
....o.......o#..........≈≈≈#
......Zo.....c.......^≈≈≈≈##
......o......#......≈≈≈≈# ##
#.........)#.....≈≈≈≈####.
#...#...#.................
##........)...............
#...#..$..#.....≈≈≈≈####.
#...#....@.#......≈≈≈≈# ##
##.##...............≈≈≈≈ #
## ##.....#..........≈≈≈
##.#..##..........≈≈#
###...##..##..##...# ##...
.. #... . ###


You could see Saint Roka, an orc sorcerer (strong, ally target), a centaur, 2
orcs and a friendly orc warrior zombie.

Vanquished Creatures
  A boulder beetle (D:13)
  2 centaur warriors
  A two-headed ogre (D:9)
  The ghost of pokeman the Eclecticist, a novice DEHW of Vehumet (D:10)
  3 orc knights
  An oklob plant (D:10)
  A cyclops (D:12)
  A manticore (D:12)
  Joseph (D:10)
  3 unseen horrors
  A kobold demonologist (D:10)
  6 trolls
  A polar bear (D:9)
  2 hornets (D:7)
  Prince Ribbit (D:5)
  2 shadows (D:11)
  2 vampires
  6 yaks (D:9)
  An unseen horror simulacrum (D:9)
  Eustachio (D:4)
  4 wargs
  An acid dragon (D:8)
  A water moccasin (D:9)
  31 orc warriors
  A floating eye (shapeshifter) (D:13)
  4 ice beasts
  A black bear (D:6)
  A sky beast (D:7)
  5 ogres
  3 wolves (D:9)
  7 centaurs
  2 phantoms
  5 kobold brigands
  2 bullfrogs
  3 gnoll sergeants
  2 necrophages (D:6)
  4 scorpions
  4 wights (D:8)
  A troll zombie (D:11)
  6 killer bees (D:10)
  5 howler monkeys
  2 electric eels (D:9)
  A centaur zombie (Ossuary)
  A crimson imp (D:8)
  4 hounds
  2 human zombies (Ossuary)
  10 orc priests
  A gnoll bouda (D:4)
  Jessica (D:2)
  2 iguanas
  12 orc wizards
  7 ogre zombies (D:11)
  2 hound zombies (Ossuary)
  3 mummies (Ossuary)
  30 gnolls
  3 adders
  4 white imps
  3 ufetubi
  4 adder zombies (Ossuary)
  2 worms
  A dart slug (D:4)
  77 orcs
  4 bats
  3 endoplasms
  3 giant cockroaches
  8 goblins
  9 hobgoblins
  22 jackals
  3 quokkas
  7 ball pythons
  2 frilled lizards
  3 gnoll zombies (Ossuary)
  2 goblin skeletons (D:11)
  6 goblin zombies (D:11)
  3 hobgoblin skeletons (D:11)
  5 hobgoblin zombies
  5 jackal zombies (Ossuary)
  27 kobolds
  5 kobold zombies (Ossuary)
  An orc skeleton (D:11)
  13 orc zombies
  2 quokka zombies (Ossuary)
  8 rats
  2 rat zombies (Ossuary)
  A spectral orc (D:11)
447 creatures vanquished.

Vanquished Creatures (collateral kills)
  2 orc warriors (Orc:2)
  2 orcs (Orc:2)
4 creatures vanquished.

Vanquished Creatures (others)
  An ogre (Orc:2)
  An orc warrior (Orc:2)
  A troll zombie (Orc:1)
  A centaur zombie (Orc:2)
  An ogre zombie (Orc:1)
  2 orcs (D:10)
  13 orc zombies
  5 plants
25 creatures vanquished.

Grand Total: 476 creatures vanquished

Notes
Turn   | Place    | Note
-------+----------+-------------------------------------------
     0 | D:1      | koil the Spriggan Hunter began the quest for the Orb.
     0 | D:1      | Reached XP level 1. HP: 10/10 MP: 2/2
   125 | D:1      | Reached XP level 2. HP: 15/15 MP: 3/3
   232 | D:1      | Reached skill level 3 in Dodging
   330 | D:1      | Reached skill level 1 in Spellcasting
   585 | D:1      | Reached XP level 3. HP: 18/18 MP: 5/5
   846 | D:2      | Noticed Jessica
   851 | D:2      | Killed Jessica
   852 | D:2      | Reached XP level 4. HP: 23/23 MP: 7/7
  1158 | D:2      | Learned a level 1 spell: Slow
  1162 | D:2      | Learned a level 3 spell: Confusing Touch
  1366 | D:3      | Found a faded altar of an unknown god.
  1789 | D:3      | Found a radiant altar of Vehumet.
  1886 | D:3      | Reached XP level 5. HP: 27/27 MP: 9/9
  1974 | D:4      | Found a staircase to the Ecumenical Temple.
  1978 | D:4      | Found a shadowy altar of Dithmenos.
  2054 | D:4      | Reached skill level 4 in Dodging
  2135 | D:4      | Reached skill level 1 in Hexes
  2478 | D:4      | Noticed a phantom
  2490 | D:4      | Killed a phantom
  2491 | D:4      | Reached XP level 6. HP: 20/32 MP: 9/11
  2596 | D:4      | Noticed Eustachio
  2937 | D:4      | Killed Eustachio
  2938 | D:4      | Reached skill level 5 in Ranged Weapons
  2938 | D:4      | Reached skill level 5 in Stealth
  2938 | D:4      | Reached XP level 7. HP: 17/36 MP: 11/13
  3269 | D:4      | Identified the +0 quarterstaff "Orem" {drain, rPois}
  3303 | D:4      | Reached skill level 5 in Dodging
  3893 | D:4      | Found a broken altar of Ashenzari.
  4112 | Temple   | Entered the Ecumenical Temple
  4134 | Temple   | Became a worshipper of Kikubaaqudgha
  4139 | Temple   | Learned a level 3 spell: Vampiric Draining
  4165 | Temple   | Gained mutation: You have very sharp teeth. [potion of
                  | mutation]
  4165 | Temple   | Gained mutation: You occasionally lose the ability to read
                  | scrolls when taking damage. [potion of mutation]
  4165 | Temple   | Gained mutation: You are partially covered in large bone
                  | plates. (SH +4) [potion of mutation]
  4166 | Temple   | Lost mutation: You occasionally lose the ability to read
                  | scrolls when taking damage. [potion of mutation]
  4166 | Temple   | Lost mutation: You have very sharp teeth. [potion of
                  | mutation]
  4166 | Temple   | Lost mutation: You are partially covered in large bone
                  | plates. (SH +4) [potion of mutation]
  4166 | Temple   | Gained mutation: You occasionally lose the ability to drink
                  | potions when taking damage. [potion of mutation]
  4166 | Temple   | Gained mutation: Your system is resistant to poisons.
                  | (rPois) [potion of mutation]
  4166 | Temple   | Gained mutation: You are strong-willed. (Will+) [potion of
                  | mutation]
  4167 | Temple   | Lost mutation: You are strong-willed. (Will+) [potion of
                  | mutation]
  4167 | Temple   | Lost mutation: Your system is resistant to poisons. (rPois)
                  | [potion of mutation]
  4167 | Temple   | Gained mutation: You expend magic power (3 MP) to
                  | strengthen your wands. [potion of mutation]
  4167 | Temple   | Gained mutation: You are strong-willed. (Will+) [potion of
                  | mutation]
  4231 | D:5      | Entered Level 5 of the Dungeon
  4265 | D:5      | Lost mutation: You expend magic power (3 MP) to strengthen
                  | your wands. [potion of mutation]
  4265 | D:5      | Lost mutation: You occasionally lose the ability to drink
                  | potions when taking damage. [potion of mutation]
  4265 | D:5      | Lost mutation: You are strong-willed. (Will+) [potion of
                  | mutation]
  4265 | D:5      | Gained mutation: Your mind is acute. (Int +4, Str/Dex -1)
                  | [potion of mutation]
  4265 | D:5      | Gained mutation: Your magical capacity is low. (-10% MP)
                  | [potion of mutation]
  4265 | D:5      | Gained mutation: You are frail. (-10% HP) [potion of
                  | mutation]
  4265 | D:5      | Gained mutation: You have large cloven feet. [potion of
                  | mutation]
  4400 | D:5      | Found a shimmering blue altar of Sif Muna.
  4442 | D:5      | Reached XP level 8. HP: 31/36 MP: 12/13
  4703 | D:5      | Found a bloodstained altar of Trog.
  4811 | D:5      | Noticed Prince Ribbit
  4849 | D:5      | Killed Prince Ribbit
  4850 | D:5      | Reached skill level 1 in Necromancy
  5150 | D:6      | Reached skill level 6 in Dodging
  5167 | D:6      | Learned a level 2 spell: Cigotuvi's Dreadful Rot
  5229 | D:6      | Found a sand-covered staircase.
  5318 | D:6      | Found a white marble altar of Elyvilon.
  5387 | Ossuary  | Entered an ossuary
  5499 | Ossuary  | Reached * piety under Kikubaaqudgha
  5499 | Ossuary  | Received a gift from Kikubaaqudgha
  5807 | Ossuary  | Reached skill level 5 in Spellcasting
  6183 | D:6      | Identified the +9 falchion of the Keeping Coward {distort,
                  | rN++ Stlth+}
  6560 | D:7      | Noticed a hornet
  6564 | D:7      | Killed a hornet
  6564 | D:7      | Reached ** piety under Kikubaaqudgha
  6565 | D:7      | Reached skill level 5 in Hexes
  6565 | D:7      | Reached XP level 9. HP: 40/41 MP: 16/16
  6687 | D:7      | Reached skill level 7 in Dodging
  6905 | D:7      | Found a sparkling altar of Nemelex Xobeh.
  7543 | D:8      | Identified the +6 long sword of Ragnarok {drain, Str+3
                  | Stlth+}
  7786 | D:8      | Found an opulent altar of Gozag.
  7851 | D:8      | Found a hide-covered altar of Uskayaw.
  8072 | D:8      | Reached skill level 5 in Fighting
  8477 | D:9      | Noticed a two-headed ogre
  8510 | D:9      | Killed a two-headed ogre
  8511 | D:9      | Reached skill level 8 in Dodging
  8511 | D:9      | Reached XP level 10. HP: 39/45 MP: 19/19
  8529 | D:9      | Reached *** piety under Kikubaaqudgha
  8529 | D:9      | Received a gift from Kikubaaqudgha
  8835 | D:9      | Reached skill level 5 in Necromancy
  9318 | D:9      | Found a burning altar of Makhleb.
  9319 | D:9      | Found a glowing silver altar of Zin.
  9320 | D:9      | Found an iron altar of Okawaru.
  9320 | D:9      | Found a basalt altar of Yredelemnul.
  9490 | D:9      | Learned a level 4 spell: Animate Dead
  9497 | D:9      | Learned a level 6 spell: Death Channel
  9505 | D:10     | Entered Level 10 of the Dungeon
  9510 | D:10     | Noticed an oklob plant
  9519 | D:10     | Reached skill level 9 in Dodging
  9649 | D:10     | Found an ornate altar of the Wu Jian Council.
  9687 | D:10     | Reached **** piety under Kikubaaqudgha
  9747 | D:10     | Found a snail-covered altar of Cheibriados.
  9843 | D:10     | Found a staircase to the Lair.
  9907 | D:10     | Found a stormy altar of Qazlal.
  9918 | D:10     | Found a runed translucent gate.
  9918 | D:10     | Found a runed translucent gate.
  9918 | D:10     | Found a runed translucent gate.
  9921 | D:10     | Noticed pokeman's ghost (novice DEHW)
  9936 | D:10     | Noticed Joseph
  9944 | D:10     | Identified the +1 leather armour of the Loofah {rElec Str-5
                  | Int+9 Dex+4}
  9974 | D:10     | Killed Joseph
 10587 | D:10     | Killed pokeman's ghost
 10588 | D:10     | Reached XP level 11. HP: 26/50 MP: 20/21
 10740 | D:10     | Killed an oklob plant
 10894 | D:11     | Found a staircase to the Orcish Mines.
 11043 | D:11     | Reached ***** piety under Kikubaaqudgha
 11173 | D:11     | Reached skill level 10 in Dodging
 11696 | D:11     | Found a basalt altar of Yredelemnul.
 12434 | D:13     | Noticed a boulder beetle
 12464 | D:13     | Killed a boulder beetle
 12573 | D:13     | Noticed a two-headed ogre
 12580 | D:13     | a two-headed ogre changed into a floating eye
 12595 | D:13     | Noticed a deep elf pyromancer
 12630 | D:13     | Noticed a boulder beetle
 12670 | D:13     | Noticed a centaur warrior
 13145 | Orc:1    | Entered Level 1 of the Orcish Mines
 13271 | Orc:2    | Entered Level 2 of the Orcish Mines
 13424 | Orc:2    | Found a staircase to the Elven Halls.
 13570 | Orc:2    | Noticed a centaur warrior
 13618 | Orc:1    | Noticed an orc knight
 13641 | Orc:1    | Found Naur Mia's Antique Weapon Emporium.
 13658 | Orc:1    | Noticed an orc knight
 13726 | Orc:1    | Found a frozen archway.
 13954 | Orc:1    | Killed an orc knight
 13955 | Orc:1    | Reached skill level 11 in Dodging
 13992 | Orc:1    | Killed an orc knight
 13993 | Orc:1    | Reached XP level 12. HP: 40/56 MP: 24/24
 14141 | Orc:1    | Bought a runed shortbow for 174 gold pieces
 14329 | Orc:1    | Killed a centaur warrior
 14330 | Orc:1    | Reached skill level 10 in Spellcasting
 14369 | Orc:1    | Learned a level 5 spell: Borgnjor's Vile Clutch
 14394 | Orc:2    | Noticed a centaur warrior
 14404 | Orc:2    | Killed a centaur warrior
 14513 | Orc:2    | Learned a level 5 spell: Fireball
 14716 | Orc:2    | Reached skill level 1 in Fire Magic
 14907 | Orc:2    | Found Acob's Jewellery Shop.
 14907 | Orc:2    | Found Asays's General Store.
 14909 | Orc:2    | Found Jezual's Weapon Emporium.
 14911 | Orc:2    | Found Hoiterut's General Store.
 14953 | Orc:2    | Noticed Saint Roka
 14962 | Orc:2    | Killed from afar by an orc sorcerer

Illustrated notes

Levels and vault maps discovered:
D:1:      beargit_arrival_greenhouse, layout_loops_ring
D:2:      layout_basic, minmay_strange_pillars, uniq_jessica
D:3:      layout_loops_cross, nicolae_vehumet_altar_sigil,
          hellmonk_ecumenical_altar_lost_god
D:4:      lemuel_castle_with_subvaults [lemuel_castle_interior_carwin_3],
          layout_loops_ring, nicolae_ashenzari_skybound,
          nicolae_dithmenos_the_darkroom, minmay_temple_entry_ruins,
          kennysheep_pointless_box, uniq_eustachio
D:5:      layout_loops_corners, nicolae_sif_muna_condensation, bloody_trog,
          serial_glass, glass_columns_c, glass_columns_c, glass_columns_c,
          glass_columns_a, glass_columns_a, glass_columns_a, glass_columns_a,
          glass_columns_b, glass_columns_a, glass_columns_c, minivault_24,
          uniq_prince_ribbit1
D:6:      layout_loops_cross, elyvilon_altar_1,
          nicolae_ossuary_entry_false_entrances
D:7:      layout_loops_ring, nemelex_xobeh_ov_fountains_minmay,
          nicolae_figureground_pulse
D:8:      layout_gridville, nicolae_uskayaw_suspiria,
          mainiacjoe_overflow_concentric_impassable, minmay_fire_ice_demons
D:9:      layout_loops_ring, chequers_temple_overflow_statue_of_worship,
          serial_ice, serial_ice_b, serial_ice_e, serial_ice_a, serial_ice_j,
          serial_ice_g, serial_ice_h, serial_ice_m, chequers_mini_garden
D:10:     layout_basic, lemuel_round_altar, mainiacjoe_overflow_paths,
          mainiacjoe_overflow_catwalk, dpeg_oklobed_lair,
          biasface_ghost_orc_armoury, serial_park_tiny_2,
          dreamdust_princess_bridge, uniq_joseph
D:11:     layout_long_grid, zombieorc2_lemuel,
          yredelemnul_forgotten_temple_becter
D:12:     layout_irregular_city, hangedman_decor_push, minmay_tree_intersection,
          kennysheep_generic_room_3
D:13:     layout_cave_pools, david_vaults_5, nicolae_shop_firing_range
Temple:   nicolae_temple_stand_before_the_council
Orc:1:    layout_caves, portal_ice_cave_entry_pillars_2, serial_shops,
          nicolae_shop_statue_plus
Orc:2:    st_orc_rangers, layout_caves, mines2_david, uniq_saint_roka

Skill      XL: |  1  2  3  4  5  6  7  8  9 10 11 12 |
---------------+-------------------------------------+-----
Stealth        | 2 3 4 5 6 7 |  7.0
Dodging        | 3 4 5 6 8 9 11 | 11.7
Spellcasting   | 1 2 3 4 5 6 8 9 10 | 10.5
Fighting       | 2 3 4 5 6 7 |  7.7
Hexes          | 1 2 3 5 6 7 |  7.0
Ranged Weapons | 5 6 7 8 9 |  9.7
Necromancy     | 2 4 5 7 |  7.2
Fire Magic     | 1 |  1.4

Action                   |  1- 3 |  4- 6 |  7- 9 | 10-12 || total
-------------------------+-------+-------+-------+-------++-------
Melee: Short sword       |       |     8 |     7 |    35 ||    50
       Kick              |       |       |     2 |    20 ||    22
       Punch             |       |       |       |     1 ||     1
 Fire: Shortbow          |    86 |   183 |   584 |   867 ||  1720
       Arbalest          |       |       |       |     4 ||     4
Throw: Dart              |       |       |     1 |    10 ||    11
 Cast: Slow              |       |     3 |    14 |    36 ||    53
       Cigotuvi's Dreadf |       |       |     1 |     1 ||     2
       Animate Dead      |       |       |       |     9 ||     9
       Confusing Touch   |       |       |       |     2 ||     2
       Vampiric Draining |       |       |       |     1 ||     1
Invok: Unearth Wretches  |       |       |       |     1 ||     1
Evoke: Wand              |       |     5 |     2 |    19 ||    26
  Use: Scroll            |       |       |    25 |     7 ||    32
       Potion            |       |       |     5 |     7 ||    12
 Stab: Sleeping          |       |     4 |     4 |     3 ||    11
       Confused          |       |       |       |     1 ||     1
       Invisible         |       |       |       |     4 ||     4
Armor: Robe              |     1 |     3 |    21 |    55 ||    80
       Acid dragon scale |       |       |       |     1 ||     1
Dodge: Dodged            |    30 |    69 |   238 |   622 ||   959

Table legend: (Time is in decaauts)
 A = Elapsed time spent in this place.
 B = Non-inter-level travel time spent in this place.
 C = Inter-level travel time spent in this place.
 D = Time resting spent in this place.
 E = Time spent auto-exploring this place.
 F = Levels seen in this place.
 G = Mean time per level.
                   A        B        C        D        E       F      G
               +--------+--------+--------+--------+--------+-----+--------+
         Total |  10696 |  10008 |    688 |    591 |   5086 |  17 |  629.2 |
       Dungeon |   8784 |   8139 |    645 |    364 |   4736 |  13 |  675.7 |
        Temple |    128 |    122 |      6 |     18 |      6 |   1 |  128.0 |
  Orcish Mines |   1353 |   1317 |     36 |     77 |    317 |   2 |  676.5 |
       Ossuary |    429 |    429 |      0 |    132 |     25 |   1 |  429.0 |
               +--------+--------+--------+--------+--------+-----+--------+

Top non-repeatable levels by time:
     D:4: 1687 daAuts
    D:10: 909 daAuts
     D:9: 853 daAuts
    D:11: 738 daAuts
     D:6: 733 daAuts
   Orc:1: 694 daAuts
   Orc:2: 659 daAuts
     D:5: 646 daAuts
     D:7: 602 daAuts
     D:8: 598 daAuts
     D:1: 475 daAuts
    D:12: 460 daAuts
     D:3: 430 daAuts
 Ossuary: 429 daAuts
     D:2: 429 daAuts
